 Dungeon Crawl Stone Soup version 0.29-a0-121-g8efb068a30 (webtiles) character file.

Game seed: 1824669327227553327

200 Grim the Chopper (level 5, -3/45 HPs)
             Began as a Hill Orc Fighter on Feb 20, 2022.
             Slain by Grinder (6 damage)
             ... on level 4 of the Dungeon.
             The game lasted 00:03:42 (3075 turns).

Grim the Chopper (Hill Orc Fighter)                 Turns: 3075, Time: 00:03:43

Health: -3/45      AC: 11    Str: 19    XL:     5   Next: 79%
Magic:  5/5        EV:  7    Int: 10    God:
Gold:   165        SH:  4    Dex: 10    Spells: 4/4 levels left

rFire   . . .      SeeInvis .   a - +0 war axe
rCold   . . .      Faith    .   c - +0 buckler
rNeg    . . .      Spirit   .   k - +0 chain mail
rPois   .          Reflect  .   (no helmet)
rElec   .          Harm     .   h - +0 cloak
rCorr   .          Rampage  .   (no gloves)
Will    .....                   f - +0 pair of boots
Stlth   ..........              (no amulet)
HPRegen 0.15/turn               (no ring)
MPRegen 0.09/turn               (no ring)

@: hasted, very quick
A: no striking features
a: no special abilities


You were on level 4 of the Dungeon.
You visited 1 branch of the dungeon, and saw 4 of its levels.

You collected 165 gold pieces.

Inventory:

Hand Weapons
 a - a +0 war axe (weapon)
Missiles
 s - 6 atropa-tipped darts (quivered)
 v - 2 boomerangs
Armour
 b - a +0 scale mail
 c - a +0 buckler (worn)
 f - a +0 pair of boots (worn)
 h - a +0 cloak (worn)
 k - a +0 chain mail (worn)
Jewellery
 q - a ring of willpower
 t - a ring of protection from cold
Scrolls
 e - 2 scrolls of blinking {unknown}
 g - 4 scrolls of enchant weapon {unknown}
 i - a scroll of noise {unknown}
 j - 2 scrolls of magic mapping {unknown}
 l - a scroll of fear {unknown}
 n - 6 scrolls of identify {unknown}
 p - a scroll of vulnerability {unknown}
 r - a scroll of teleportation {unknown}
 w - a scroll of enchant armour {unknown}
Potions
 d - a potion of magic {unknown}
 m - a potion of cancellation {unknown}
 o - a potion of curing {unknown}
 u - a potion of degeneration {unknown}
 x - a potion of haste


   Skills:
 - Level 3.6 Fighting
 + Level 7.7 Axes
 - Level 3.2 Armour
 - Level 3.2 Shields


You had 4 spell levels left.
You didn't know any spells.
Your spell library contained the following spells:

 Spells                   Type           Power      Damage    Failure   Level
 Summon Small Mammal      Summ           0%         N/A       99%         1
 Corpse Rot               Necr/Air       0%         N/A       100%        2
 Poisonous Vapours        Pois/Air       0%         N/A       100%        2
 Ignite Poison            Fire/Tmut/Pois 0%         N/A       100%        3
 Mephitic Cloud           Conj/Pois/Air  0%         N/A       100%        3
 Freezing Cloud           Conj/Ice/Air   0%         6-21      100%        5


Dungeon Overview and Level Annotations

Branches:
Dungeon (4/15)
 Temple: D:4-7

Altars:
Gozag

Annotations:
D:3 2 runed translucent doors, Grim's ghost, amateur DEEE
D:4 Grinder


Message History

The endoplasm freezes you.
You are frozen.
* * * LOW HITPOINT WARNING * * *
You slash the endoplasm!
You kill the endoplasm!
You see here a +0 short sword.
You barely miss Grinder. Grinder hits you but does no damage.
You hit Grinder but do no damage. Grinder hits you.
* * * LOW HITPOINT WARNING * * *
Grinder barely misses you.
You barely miss Grinder. Grinder hits you.
* * * LOW HITPOINT WARNING * * *
You slash Grinder!
Grinder is moderately wounded.
Grinder barely misses you.
You closely miss Grinder.
Grinder is moderately wounded.
Grinder gestures at you.
You suddenly lose the ability to move!
Grinder hits you.
* * * LOW HITPOINT WARNING * * *
You writhe in agony.
* * * LOW HITPOINT WARNING * * *
You can move again.
You barely miss Grinder.
Grinder is moderately wounded.
Grinder barely misses you.
Unknown command.
It was a potion of haste.
You feel yourself speed up. You block Grinder's attack.
You slash Grinder!
Grinder is heavily wounded.
Grinder gestures at you.
You shrug off the repeated paralysis!
You hit Grinder.
Grinder is heavily wounded.
Grinder hits you.
* * * LOW HITPOINT WARNING * * *
You writhe in agony.
You die...

#....#.##
#.#####
#.###
#...#
#.### #.#
.. #.# ..
.# #.# #.
..#
#@##.###.#
#5#.....##
#.#...w..#
#.#..)..#
##w.....#
##5....#
#.###.#...
#)J # .
#..


You could see Grinder and a worm.

Vanquished Creatures
  A jelly (D:4)
  Terence (D:2)
  3 gnolls (D:3)
  4 adders
  3 worms
  2 dart slugs
  9 ball pythons
  3 bats
  2 endoplasms
  4 giant cockroaches
  A goblin (D:1)
  10 hobgoblins
  4 jackals (D:2)
  4 quokkas
  A frilled lizard (D:1)
  9 kobolds
  8 rats
69 creatures vanquished.

Notes
Turn   | Place    | Note
-------+----------+-------------------------------------------
     0 | D:1      | Grim the Hill Orc Fighter began the quest for the Orb.
     0 | D:1      | Reached XP level 1. HP: 19/19 MP: 1/1
    52 | D:1      | Reached skill level 3 in Axes
   186 | D:1      | Reached XP level 2. HP: 26/26 MP: 2/2
   193 | D:1      | Reached skill level 4 in Axes
   236 | D:1      | Found a faded altar of an unknown god.
   252 | D:1      | Got Plato's Papyrus of Illusion
   451 | D:1      | Reached XP level 3. HP: 31/31 MP: 3/3
   975 | D:2      | Reached skill level 5 in Axes
  1064 | D:2      | Found an opulent altar of Gozag.
  1141 | D:2      | Noticed Terence
  1166 | D:2      | Killed Terence
  1167 | D:2      | Reached XP level 4. HP: 12/39 MP: 4/4
  1514 | D:2      | Reached skill level 6 in Axes
  1753 | D:3      | Found a runed translucent door.
  1753 | D:3      | Noticed a bullfrog
  1755 | D:3      | Noticed Grim's ghost (amateur DEEE)
  1782 | D:3      | Found a runed translucent door.
  1840 | D:3      | Reached XP level 5. HP: 45/45 MP: 5/5
  2123 | D:3      | Reached skill level 7 in Axes
  3049 | D:4      | Noticed Grinder
  3070 | D:4      | Paralysed by Grinder for 2 turns
  3075 | D:4      | Slain by Grinder

Illustrated notes

Levels and vault maps discovered:
D:1:      dpeg_arrival_boxes_within_box, layout_basic,
          shapermc_ecumenical_altar_rom_forum
D:2:      layout_rooms, basic_altar, uniq_terence
D:3:      layout_rooms, ebering_ghost_sewer_f
D:4:      nicolae_BIG_FREAKIN_CUBE, layout_loops_ring, guppyfry_shop_venom,
          uniq_sigmund, uniq_grinder, uniq_blork_the_orc

Skill      XL: |  1  2  3  4  5 |
---------------+----------------+-----
Axes           | 3 4 5 6 7 |  7.7
Fighting       | |  3.6
Armour         | |  3.2
Shields        | |  3.2

Action                   |  1- 3 |  4- 6 || total
-------------------------+-------+-------++-------
Melee: War axe           |    83 |   108 ||   191
  Use: Potion            |     1 |     1 ||     2
Armor: Scale mail        |    26 |       ||    26
       Chain mail        |    24 |    57 ||    81
Dodge: Dodged            |    35 |    41 ||    76
Block: Buckler           |    30 |    23 ||    53

Table legend: (Time is in decaauts)
 A = Elapsed time spent in this place.
 B = Non-inter-level travel time spent in this place.
 C = Inter-level travel time spent in this place.
 D = Time resting spent in this place.
 E = Time spent auto-exploring this place.
 F = Levels seen in this place.
 G = Mean time per level.
                   A        B        C        D        E       F      G
               +--------+--------+--------+--------+--------+-----+--------+
         Total |   3125 |   3096 |     29 |   1143 |   1400 |   4 |  781.2 |
       Dungeon |   3125 |   3096 |     29 |   1143 |   1400 |   4 |  781.2 |
               +--------+--------+--------+--------+--------+-----+--------+

Top non-repeatable levels by time:
     D:2: 1142 daAuts
     D:1: 986 daAuts
     D:3: 787 daAuts
     D:4: 209 daAuts
